 Dungeon Sprint DCSS version 0.30.1-11-g7821555f0a (webtiles) character file.

Game seed: 16459425356281855908

9768 Groucho the Covert (level 11, -12/60 HPs)
             Began as a Spriggan Enchanter on Nov 29, 2023.
             Was the Champion of Sif Muna.
             Mangled by a freezing wraith (13 damage)
             ... in the Dungeon (Sprint VII: "The Pits").
             The game lasted 00:22:19 (5253 turns).

Groucho the Covert (Spriggan Enchanter)             Turns: 5253, Time: 00:22:20

Health: -12/60     AC:  5    Str:  4    XL:     11   Next: 27%
Magic:  30/30      EV: 17    Int: 22    God:    Sif Muna [******]
Gold:   0          SH:  0    Dex: 18    Spells: 1/38 levels left

rFire   . . .        a - +2 dagger (elec)
rCold   . . .        (no shield)
rNeg    . . .        b - +0 robe
rPois   .            (helmet restricted)
rElec   .            (no cloak)
rCorr   .            (gloves unavailable)
SInv    +            (boots unavailable)
Will    +....        (no amulet)
Stlth   ++++++       m - +3 ring of dexterity
HPRegen 0.30/turn    n - +3 ring of protection
MPRegen 0.22/turn

%: no teleportation
@: slowed, invisible, quick
A: very small, no large weapons, unfitting armour, see invisible, speed 3
a: Renounce Religion, Channel Magic, Forget Spell, Divine Exegesis


You were in the Dungeon.
You worshipped Sif Muna.
Sif Muna was exalted by your worship.
You visited 1 branch

Inventory:

Hand Weapons
 a - a +2 dagger of electrocution (weapon)
 p - a +2 rapier of venom
Armour
 b - a +0 robe (worn)
Jewellery
 m - a +3 ring of dexterity (left hand)
 n - a +3 ring of protection (right hand)
Wands
 l - a wand of digging (3)
 q - a wand of flame (15)
Scrolls
 i - a scroll of blinking
 j - 5 scrolls of amnesia
 k - a scroll of summoning
Potions
 c - 2 potions of invisibility
 d - 7 potions of curing
 e - 4 potions of heal wounds
 f - 3 potions of haste
 g - 4 potions of magic
 h - 3 potions of berserk rage
 o - a potion of mutation


   Skills:
 + Level 8.1 Fighting
 + Level 9.9 Short Blades
 - Level 2.6 Dodging
 + Level 14.6 Stealth
 + Level 14.4 Spellcasting
 + Level 8.5 Conjurations
 + Level 11.7 Hexes
 + Level 1.8 Summonings
 + Level 7.7 Transmutations
 + Level 6.0 Fire Magic
 + Level 5.2 Earth Magic
 + Level 8.7 Invocations


You had one spell level left.
You knew the following spells:

 Your Spells              Type           Power      Damage    Failure   Level
a - Ensorcelled Hibernat  Hex/Ice        82%        N/A       1%          2
b - Confusing Touch       Hex            61%        N/A       1%          3
c - Dazzling Flash        Conj/Hex       100%       N/A       1%          3
d - Tukima's Dance        Hex            61%        N/A       1%          3
e - Magic Dart            Conj           100%       1d8       1%          1
f - Cause Fear            Hex            30%        N/A       1%          4
g - Iskenderun's Battles  Conj           52%        2d10      3%          5
h - Petrify               Tmut/Erth      44%        N/A       2%          4
i - Iron Shot             Conj/Erth      23%        9d5       34%         6
j - Mephitic Cloud        Conj/Pois/Air  28%        N/A       3%          3
k - Call Canine Familiar  Summ           23%        N/A       5%          3

Your spell library contained the following spells:

 Spells                   Type           Power      Damage    Failure   Level
 Beastly Appendage        Tmut           98%        N/A       1%          1
 Necrotise                Necr           60%        1d7       3%          1
 Momentum Strike          Conj/Tloc      68%        3d9       1%          2
 Searing Ray              Conj           100%       2d8       1%          2
 Portal Projectile        Hex/Tloc       82%        N/A       1%          3
 Flame Wave               Conj/Fire      47%        2d12      1%          4
 Fulminant Prism          Conj/Hex       28%        3d14      1%          4
 Leda's Liquefaction      Hex/Erth       26%        N/A       1%          4
 Volatile Blastmotes      Fire/Tloc      58%        2d14      3%          3
 Irradiate                Conj/Tmut      25%        3d20      3%          5
 Blade Hands              Tmut           24%        N/A       4%          5
 Fireball                 Conj/Fire      23%        3d11      5%          5
 Cigotuvi's Dreadful Rot  Necr/Pois/Air  30%        N/A       6%          2
 Iskenderun's Mystic Bla  Conj/Tloc      34%        2d8       7%          4
 Ice Form                 Ice/Tmut       32%        N/A       8%          4
 Animate Armour           Summ/Erth      62%        N/A       9%          4
 Lee's Rapid Deconstruct  Erth           19%        3d11*     12%         5
 Arcjolt                  Conj/Air       17%        1d27      19%         5
 Summon Ice Beast         Ice/Summ       19%        N/A       26%         4
 Starburst                Conj/Fire      23%        6d8       30%         6
 Freezing Cloud           Conj/Ice/Air   14%        6-21      32%         5
 Animate Dead             Necr           15%        N/A       36%         4
 Statue Form              Tmut/Erth      29%        N/A       38%         6
 Orb of Destruction       Conj           26%        9d9       69%         7
 Plasma Beam              Fire/Air       14%        2x1d28    86%         6
 Simulacrum               Ice/Necr       7%         N/A       99%         6
 Ignition                 Fire           21%        3d8       100%        8
 Necromutation            Tmut/Necr      16%        N/A       100%        8
 Chain Lightning          Conj/Air       17%        3d22      100%        9
 Fire Storm               Conj/Fire      23%        8d6       100%        9
 Shatter                  Erth           19%        3d18*     100%        9


Dungeon Overview and Level Annotations

Branches:
Dungeon (1/1)

Altars:
Ashenzari
Cheibriados
Dithmenos
Elyvilon
Fedhas
Gozag
Hepliaklqana
Kikubaaqudgha
Makhleb
Nemelex Xobeh
Okawaru
Qazlal
Ru
Sif Muna
Trog
Uskayaw
Vehumet
Wu Jian
Xom
Yredelemnul
Zin
The Shining One
Jiyva
Lugonu


Innate Abilities, Weirdness & Mutations

You are very small and have problems with some larger weapons.
You are too small for most types of armour.
You have supernaturally acute eyesight. (SInv)
You cover ground extremely quickly. (Speed+++)


Message History

The orc freezes you.
You hit the orc but do no damage. Lightning courses through the orc!
You kill the orc!
Sif Muna accepts your kill.
You see here Sif Muna's Parchment of Pyromancy and Topomancy {god gift}.
Sif Muna grants you a gift!
Unknown command.
Unknown command.
You pick up Sif Muna's Parchment of Pyromancy and Topomancy {god gift} and begin reading...
You add the spells Flame Wave, Starburst, Plasma Beam and Ignition to your library.
Unknown command.
Unknown command.
Items here: ( )))) [[.
There is an open door, spattered with blood here.
There is an open door here.
A hell rat comes into view.
The hell rat moves out of view.
You see here a bat skeleton.
You flicker for a moment.
There is an open door here.
An unseen horror comes into view.
The freezing wraith hits you! The freezing wraith freezes you!
The freezing wraith hits you.
* * * LOW HITPOINT WARNING * * *
The freezing wraith drains your vigour!
You feel yourself slow down.
You are too injured to fight recklessly!
There is an open door here.
You flicker back into view.
You close the door.
A freezing wraith breaks down the door.
Unknown command.
You feel much better. The freezing wraith hits you.
The freezing wraith freezes you!! The freezing wraith hits you!
* * * LOW HITPOINT WARNING * * *
You see here a bat skeleton.
There is an open door here.
You fade into invisibility!
The freezing wraith hits you!
* * * LOW HITPOINT WARNING * * *
The freezing wraith freezes you!
You die...

)###### '# ##### ########
####### .###...###..'...#
......... ..##)))##..##...###
........ ...##)##..###...'.##
....... #..........##...#..##
....o#
..###'###...##'##...###...###
)##.....##).#...#...#.......#
.')...).[)).'...@W..'.......#
)##.....##).#...#...#.......#
).###'###...##'##...###...###
#..).......##)..#..## .....#
...##'##..###...')##
........# ).##...##..##...###
..........# .###...###..'...#
.x.........+ ## ##### #######
#############


You could see a freezing wraith.

Vanquished Creatures
  A death yak (D)
  A sea snake (D)
  A flayed ghost (D)
  A bog body (D)
  2 lindwurms (D)
  An orc knight (D)
  Joseph (D)
  A cane toad (D)
  A gargoyle (D)
  An orange demon (D)
  A rime drake (D)
  An ice devil (D)
  A freezing wraith (D)
  A hellwing (D)
  A tyrant leech (D)
  Grinder (D)
  A polar bear (D)
  2 spriggans (D)
  A chaos spawn (D)
  5 yaks (D)
  4 vampire mosquitoes (D)
  An acid dragon (D)
  A warg (D)
  2 floating eyes (D)
  3 orc warriors (D)
  A sky beast (D)
  An ogre (D)
  A wolf (D)
  A necrophage (D)
  An earth elemental (D)
  5 wights (D)
  2 scorpions (D)
  2 crimson imps (D)
  A hound (D)
  A gnoll bouda (D)
  3 orc priests (D)
  2 orc wizards (D)
  Ijyb (D)
  An iguana (D)
  6 gnolls (D)
  A river rat (D)
  9 orcs (D)
  A bat (D)
  An endoplasm (D)
  A giant cockroach (D)
  2 goblins (D)
  2 frilled lizards (D)
  A kobold (D)
  A quokka simulacrum (D)
85 creatures vanquished.

Vanquished Creatures (collateral kills)
  An orc warrior (D)
1 creature vanquished.

Vanquished Creatures (others)
  A dancing weapon (D)
1 creature vanquished.

Grand Total: 87 creatures vanquished

Notes
Turn   | Place    | Note
-------+----------+-------------------------------------------
     0 | D        | Groucho the Spriggan Enchanter began the quest for the Orb.
     0 | D        | Reached XP level 1. HP: 9/9 MP: 5/5
    15 | D        | Reached skill level 5 in Stealth
    46 | D        | Found a bloodstained altar of Trog.
    46 | D        | Found a shimmering blue altar of Sif Muna.
    46 | D        | Found a viscous altar of Jiyva.
    46 | D        | Found a hazy altar of Hepliaklqana.
    46 | D        | Found an opulent altar of Gozag.
    47 | D        | Found a glowing golden altar of the Shining One.
    47 | D        | Found a glowing silver altar of Zin.
    47 | D        | Found a basalt altar of Yredelemnul.
    47 | D        | Found a shimmering altar of Xom.
    47 | D        | Found an ornate altar of the Wu Jian Council.
    47 | D        | Found a sacrificial altar of Ru.
    47 | D        | Found a stormy altar of Qazlal.
    47 | D        | Found an iron altar of Okawaru.
    47 | D        | Found a sparkling altar of Nemelex Xobeh.
    47 | D        | Found a burning altar of Makhleb.
    47 | D        | Found a blossoming altar of Fedhas.
    47 | D        | Found a white marble altar of Elyvilon.
    47 | D        | Found a shadowy altar of Dithmenos.
    47 | D        | Found a snail-covered altar of Cheibriados.
    48 | D        | Found a radiant altar of Vehumet.
    48 | D        | Found a corrupted altar of Lugonu.
    49 | D        | Found a hide-covered altar of Uskayaw.
    49 | D        | Found an ancient bone altar of Kikubaaqudgha.
    49 | D        | Found a broken altar of Ashenzari.
    55 | D        | Became a worshipper of Sif Muna the Loreminder
    64 | D        | Noticed a floating eye
    67 | D        | Paralysed by a floating eye for 2 turns
    75 | D        | Killed a floating eye
    76 | D        | Reached skill level 10 in Spellcasting
    76 | D        | Reached XP level 2. HP: 13/13 MP: 5/14
    76 | D        | Reached XP level 3. HP: 16/16 MP: 5/15
    76 | D        | Reached XP level 4. HP: 21/21 MP: 5/17
    82 | D        | Learned a level 2 spell: Ensorcelled Hibernation
    86 | D        | Learned a level 3 spell: Confusing Touch
    90 | D        | Learned a level 3 spell: Dazzling Flash
    94 | D        | Learned a level 3 spell: Tukima's Dance
   332 | D        | Reached * piety under Sif Muna
   333 | D        | Reached skill level 1 in Fighting
   378 | D        | Noticed a floating eye
   391 | D        | Killed a floating eye
   391 | D        | Reached ** piety under Sif Muna
   392 | D        | Reached skill level 5 in Hexes
   392 | D        | Reached XP level 5. HP: 28/28 MP: 11/18
   661 | D        | Reached skill level 5 in Conjurations
   661 | D        | Reached XP level 6. HP: 32/32 MP: 15/20
   664 | D        | Noticed an orc warrior
   678 | D        | Reached skill level 1 in Invocations
   680 | D        | Killed an orc warrior
   680 | D        | Reached *** piety under Sif Muna
   904 | D        | Noticed a sky beast
  1089 | D        | Reached **** piety under Sif Muna
  1090 | D        | Reached XP level 7. HP: 37/37 MP: 17/22
  1293 | D        | Noticed a chaos spawn
  1301 | D        | Killed a chaos spawn
  1301 | D        | Reached ***** piety under Sif Muna
  1302 | D        | Reached skill level 5 in Short Blades
  1547 | D        | Noticed Grinder
  1547 | D        | Noticed Ijyb
  1550 | D        | Received a gift from Sif Muna
  1557 | D        | Killed Ijyb
  1567 | D        | Killed Grinder
  1568 | D        | Reached skill level 5 in Fighting
  1568 | D        | Reached XP level 8. HP: 30/43 MP: 8/24
  1941 | D        | Got Sif Muna's Elucidation of Combat Magic {god gift}
  1948 | D        | Learned a level 1 spell: Magic Dart
  1948 | D        | Noticed a polar bear
  2209 | D        | Reached skill level 10 in Stealth
  2209 | D        | Reached skill level 1 in Fire Magic
  2209 | D        | Reached skill level 5 in Invocations
  2225 | D        | Received a gift from Sif Muna
  2245 | D        | Killed a polar bear
  2250 | D        | Got Sif Muna's Second Course in Hermetics {god gift}
  2576 | D        | Noticed a tyrant leech
  2576 | D        | Noticed a freezing wraith
  2611 | D        | Killed a tyrant leech
  2948 | D        | Reached XP level 9. HP: 48/48 MP: 26/26
  2966 | D        | Killed a freezing wraith
  3019 | D        | Noticed a lindwurm
  3019 | D        | Noticed Joseph
  3248 | D        | Noticed a bog body
  3258 | D        | Received a gift from Sif Muna
  3259 | D        | Got Sif Muna's Excursus on the Injurious Stinger {god gift}
  3265 | D        | Learned a level 4 spell: Cause Fear
  3271 | D        | Learned a level 5 spell: Iskenderun's Battlesphere
  3276 | D        | Learned a level 4 spell: Petrify
  3283 | D        | Learned a level 6 spell: Iron Shot
  3296 | D        | Killed a bog body
  3297 | D        | Reached skill level 1 in Earth Magic
  3568 | D        | Noticed a flayed ghost
  3606 | D        | Killed a flayed ghost
  3607 | D        | Reached skill level 10 in Hexes
  3906 | D        | Noticed a lindwurm
  3912 | D        | Killed a lindwurm
  3912 | D        | Received a gift from Sif Muna
  3913 | D        | Reached XP level 10. HP: 48/55 MP: 21/28
  4195 | D        | Killed Joseph
  4196 | D        | Killed a lindwurm
  4197 | D        | Reached skill level 5 in Transmutations
  4210 | D        | Noticed a death yak
  4210 | D        | Noticed a gargoyle
  4239 | D        | Killed a gargoyle
  4239 | D        | Received a gift from Sif Muna
  4246 | D        | Killed a death yak
  4247 | D        | Reached skill level 5 in Fire Magic
  4248 | D        | Got Qac Pax's Meditations on Rank Transition {god gift}
  4447 | D        | Learned a level 3 spell: Mephitic Cloud
  4453 | D        | Noticed a sea snake
  4458 | D        | Killed a sea snake
  4464 | D        | Noticed a cane toad
  4464 | D        | Noticed an orc knight
  4480 | D        | Killed a cane toad
  4483 | D        | Reached ****** piety under Sif Muna
  4489 | D        | Killed an orc knight
  4489 | D        | Received a gift from Sif Muna
  4494 | D        | Reached XP level 11. HP: 49/60 MP: 18/30
  4500 | D        | Learned a level 3 spell: Call Canine Familiar
  4831 | D        | Received a gift from Sif Muna
  4832 | D        | Got Sif Muna's Handbook of Changed Mortification {god gift}
  5080 | D        | Received a gift from Sif Muna
  5081 | D        | Reached skill level 1 in Summonings
  5084 | D        | Reached skill level 5 in Earth Magic
  5228 | D        | Received a gift from Sif Muna
  5229 | D        | Got Sif Muna's Parchment of Pyromancy and Topomancy {god
                  | gift}
  5253 | D        | HP: 1/60 [freezing wraith (11)]
  5253 | D        | Mangled by a freezing wraith

Illustrated notes

Levels and vault maps discovered:
D:        pitsprint [storerooms_1, entrance_room_1, metal_vault_5, armoury_3,
          mini_pit_1, grid_room_1, main_hall_1, silver_pit, the_coven_2,
          the_vestibule_1, steel_vault_4, golden_pit, hallway_of_sentries,
          crystal_vault_3, iron_vault_1, final_vault]

Skill      XL: |  1  2  3  4  5  6  7  8  9 10 11 |
---------------+----------------------------------+-----
Stealth        | 6 7 9 11 12 14 | 14.6
Short Blades   | 2 4 5 7 8 9 |  9.9
Spellcasting   | 10 11 12 13 14 | 14.4
Fighting       | 3 4 5 7 8 |  8.1
Hexes          | 5 6 7 8 10 11 | 11.7
Conjurations   | 4 5 6 7 8 |  8.5
Invocations    | 3 4 5 7 8 |  8.7
Fire Magic     | 2 4 5 6 |  6.0
Transmutations | 4 6 7 |  7.7
Earth Magic    | 2 4 5 |  5.2
Summonings     | 1 |  1.8
Dodging        | |  2.6

Action                     |  1- 3 |  4- 6 |  7- 9 | 10-12 || total
---------------------------+-------+-------+-------+-------++-------
  Melee: Dagger            |    12 |    26 |   113 |    85 ||   236
         Punch             |     1 |       |       |     1 ||     2
   Cast: Ensorcelled Hiber |       |    25 |    21 |    31 ||    77
         Tukima's Dance    |       |     2 |       |       ||     2
         Confusing Touch   |       |     1 |    15 |     6 ||    22
         Dazzling Flash    |       |       |     1 |     1 ||     2
         Magic Dart        |       |       |     4 |       ||     4
         Iskenderun's Batt |       |       |     1 |       ||     1
    Use: Potion            |       |       |     5 |     7 ||    12
   Stab: Sleeping          |       |    12 |    15 |    27 ||    54
         Confused          |       |       |    15 |     3 ||    18
         Invisible         |       |       |     1 |     6 ||     7
 Armour: Robe              |     2 |     2 |     2 |     8 ||    14
  Dodge: Dodged            |     4 |    15 |    43 |    40 ||   102
